 Dungeon Crawl Stone Soup version 0.30-a0-4-ga7cffc901d (webtiles) character file.

Game seed: 17363627741241765961

57517 freelancePsychic the Impaler (level 15, -15/141 HPs)
             Began as a Meteoran Wanderer on Aug 21, 2022.
             Was an Initiate of Gozag.
             Demolished by an ettin
             ... wielding a +0 dire flail
              (38 damage)
             ... on level 2 of the Orcish Mines.
             The game lasted 00:54:36 (9768 turns).

freelancePsychic the Impaler (Meteoran Wanderer)    Turns: 9768, Time: 00:54:37

Health: -15/141    AC: 16    Str: 17    XL:     15   Next: 70%
Magic:  16/16      EV: 21    Int: 20    God:    Gozag
Gold:   598        SH:  5    Dex: 23    Spells: 14/14 levels left

rFire   + . .      SeeInvis .    R - +5 lochaber axe {reach-cleave, poleaxe}
rCold   . . .      Faith    .    (shield currently unavailable)
rNeg    . . .      Spirit   .    D - +1 acid dragon scales
rPois   +          Reflect  +    r - +0 helmet
rElec   .          Harm     .    j - +1 cloak
rCorr   +          Rampage  +    S - +2 pair of gloves {Str+3}
Will    +....                    i - -1 pair of boots of the Thoughtful Mice {Rampage rF+ Dex+7}
Stlth   +.........               M - amulet of reflection
HPRegen 0.33/turn                t - +4 ring of evasion
MPRegen 0.15/turn                A - ring of poison resistance

@: gold aura, glowing
A: sense surroundings 2, otherworldly, glowing, explore regen
a: Renounce Religion, Potion Petition, Call Merchant, Bribe Branch


You were on level 2 of the Orcish Mines.
You worshipped Gozag.
Gozag was pleased with you.
You visited 3 branches of the dungeon, and saw 19 of its levels.

You collected 4823 gold pieces.
You spent 2607 gold pieces at shops.
You paid 1618 gold pieces to Gozag.

Inventory:

Hand Weapons
 a - a +2 quarterstaff of freezing
 b - a +1 halberd of flaming
 k - a +0 glaive
 E - a +0 arbalest
 R - the +5 lochaber axe (weapon) {reach-cleave, poleaxe}
   (You bought it in a shop on level 11 of the Dungeon)

   It can be evoked to extend its reach, and strikes at all foes within reach,
   dealing less damage to those not targeted.
   It uses either Axes or Polearms skill, whichever is higher.
Missiles
 d - 7 boomerangs (quivered)
Armour
 i - the -1 pair of boots of the Thoughtful Mice (worn) {Rampage rF+ Dex+7}
   (You acquired it on level 3 of the Dungeon)

   Dex:       It affects your dexterity (+7).
   rF:        It protects you from fire.
   Rampage:   It bestows one free step when moving towards enemies.
 j - a +1 cloak (worn)
 r - a +0 helmet (worn)
 D - +1 acid dragon scales (worn)
 I - the +1 robe of Vines {NoPotionHeal Regen++++}
   (You found it on level 1 of the Lair of Beasts)

   Its wearer cannot be healed by potions.
   Regen:     It increases your rate of health regeneration.
 S - a +2 pair of gloves of strength (worn)
Jewellery
 t - a +4 ring of evasion (left hand)
 u - a ring of fire
 x - a +6 ring of dexterity
 z - a ring of wizardry
 A - a ring of poison resistance (right hand)
 B - a ring of magical power
 F - a ring of flight
 G - an amulet of guardian spirit
 K - a ring of ice
 M - an amulet of reflection (around neck)
Wands
 y - a wand of polymorph (11)
 N - a wand of digging (10)
Scrolls
 c - a scroll of identify {@r1}
 s - 2 scrolls of vulnerability
 w - a scroll of poison
 C - a scroll of teleportation {@r4}
 H - 2 scrolls of amnesia
 J - a scroll of silence
 O - a scroll of enchant armour
 P - a scroll of immolation
Potions
 e - 2 potions of flight
 f - 5 potions of degeneration {unknown}
 g - 2 potions of berserk rage {unknown}
 h - 2 potions of lignification
 l - 3 potions of heal wounds {@q2}
 m - a potion of invisibility {unknown}
 n - a potion of might
 o - a potion of magic {unknown}
 p - 2 potions of brilliance
 q - 9 potions of mutation {unknown}
 v - 2 potions of cancellation {unknown}
 L - a potion of resistance {unknown}
 Q - a potion of curing {@q1}
Miscellaneous
 T - a condenser vane


   Skills:
 + Level 15.5 Fighting
 * Level 17.4(19.3) Polearms
 - Level 13.8(17.5) Staves
 - Level 7.7 Armour
 - Level 7.5 Dodging
 - Level 8.8 Evocations


You had 14 spell levels left.
You didn't know any spells.
Your spell library contained the following spells:

 Spells                   Type           Power      Damage    Failure   Level
 Necrotise                Necr           0%         1d4       24%         1
 Slow                     Hex            0%         N/A       24%         1
 Ensorcelled Hibernation  Hex/Ice        0%         N/A       36%         2
 Sublimation of Blood     Necr           0%         N/A       36%         2
 Wereblood                Tmut           0%         N/A       36%         2
 Confusing Touch          Hex            0%         N/A       58%         3
 Inner Flame              Hex/Fire       0%         N/A       58%         3
 Spider Form              Tmut/Pois      0%         N/A       58%         3
 Vampiric Draining        Necr           0%         2d6       58%         3
 Anguish                  Hex/Necr       0%         N/A       94%         4
 Cause Fear               Hex            0%         N/A       94%         4
 Agony                    Necr           0%         N/A       100%        5
 Enfeeble                 Hex            0%         N/A       100%        7
 Summon Hydra             Summ           0%         N/A       100%        7
 Discord                  Hex            0%         N/A       100%        8


Dungeon Overview and Level Annotations

Branches:
Dungeon (12/15) Zot: 1492  Temple (0/1) D:6            Lair (5/5) D:9 Zot: 94
  Swamp (0/4) Lair:3        Slime (0/5) Lair:4          Orc (2/2) D:11 Zot: 371
    Elf (0/3) Orc:2
  Snake: Lair:2-3    Spider: Lair:2-3

Altars:
Gozag
Makhleb
Sif Muna

Shops:
D:1 [   D:8 *   D:9 =   D:11 (   Orc:1 [(**:   Orc:2 (!(

Annotations:
D:7 Grum
D:9 3 runed translucent doors, SensoryNuts's ghost, novice DgFi
Lair:2 exclusion: ice statue


Innate Abilities, Weirdness & Mutations

You passively map the area around you.
You are easily found by Zot.
You glow in the dark.
You regain HP and MP as you explore.


Message History

The ettin is no longer distracted by gold.
The ogre is no longer distracted by gold.
Things that are here:
14 gold pieces; a +0 giant club Reach: R) +5 lochaber axe {reach-cleave, poleaxe}
Press: ? - help, Dir - move target, f - ettin
Aim: an ettin, wielding two +0 dire flails (about 13% to evade the +5 lochaber axe)
You hit the ettin.
The ettin is lightly wounded.
The ettin completely misses you. You block the ettin's attack.
You hit the ettin.
The ettin is lightly wounded.
You slice the ogre!!
You kill the ogre!
The ogre is no longer distracted by gold.
The ettin closely misses you.
The ettin hits you with a +0 dire flail!!
* * * LOW HITPOINT WARNING * * *
You slash the ettin!
The ettin is moderately wounded.
The ettin is distracted by your dazzling golden aura.
You catch the helpless ettin completely off-guard!
You hit the ettin.
The ettin is no longer distracted by gold.
The ettin is moderately wounded.
You slash the ogre!
The ettin hits you with a +0 dire flail!!
* * * LOW HITPOINT WARNING * * *
You block the ettin's attack.
You slice the ettin!!
The ettin is severely wounded.
You slice the ogre!!
You kill the ogre!
You block the ettin's attack. The ettin closely misses you.
You feel much better.
The ettin hits you with a +0 dire flail!!
* * * LOW HITPOINT WARNING * * *
The ettin hits you with a +0 dire flail!!!
You die...
Your body crumbles into a pile of gold.

,$, $ * ............... ,
, , , , ..$............. ,
, , ,, ,
................,,, , , *
................ ,, , , ,
..∩......................
,
........∩................
* ,
........C................
,
........$@$..............#
* ,
.........$..............##
,
.................O........
,
........∩........O$.$.....
,,,, ,
#...............$$T......
,,*
###..............$$.$....
* #.....................#
##.#.....##.........#.#
####....#.............


You could see an ettin.

Vanquished Creatures
  An orc warlord (D:11)
  A dire elephant (Lair:5)
  2 ogre magi (Orc:2)
  9 two-headed ogres
  A merfolk avatar (Lair:5)
  2 boulder beetles (D:11)
  8 hydras
  6 death yaks
  Urug (D:11)
  2 deep trolls (Orc:2)
  2 sea snakes (Lair:5)
  A lindwurm (Lair:4)
  A wolf spider (Lair:4)
  An oklob plant (Lair:1)
  A manticore (Lair:5)
  6 elephants
  2 cyclopes (Orc:2)
  10 black mambas
  3 gargoyles
  A torpor snail (Lair:2)
  7 cane toads
  8 komodo dragons
  A rime drake (Lair:3)
  A freezing wraith (Lair:2)
  15 trolls
  A wind drake (Lair:5)
  4 polar bears
  3 hornets
  5 blink frogs
  Sigmund (D:3)
  A shadow (D:10)
  4 wyverns
  A vampire (D:11)
  20 yaks
  2 basilisks (Lair:2)
  4 steam dragons
  6 vampire mosquitoes (D:11)
  A warg (Orc:1)
  18 water moccasins
  15 orc warriors
  3 sky beasts
  7 ice beasts
  3 black bears
  3 centaurs
  20 ogres
  24 wolves
  A kobold brigand (D:10)
  Blork the orc (D:4)
  12 bullfrogs
  2 necrophages (D:6)
  A scorpion (D:4)
  3 wights (D:8)
  7 killer bees
  3 howler monkeys (D:10)
  An electric eel (Lair:5)
  5 hounds
  5 jellies
  11 orc priests
  A gnoll bouda (Orc:1)
  An iguana (Lair:3)
  Natasha (thrice) (D:3)
  23 orc wizards
  4 adders
  14 gnolls
  A shadow imp (D:6)
  A white imp (Lair:2)
  A worm (D:4)
  A dart slug (D:3)
  60 orcs
  8 ball pythons
  4 endoplasms
  3 giant cockroaches
  4 goblins
  2 hobgoblins
  7 kobolds
  3 quokkas
  5 bats
  3 frilled lizards
  8 rats
448 creatures vanquished.

Vanquished Creatures (collateral kills)
  A death yak (Lair:3)
1 creature vanquished.

Vanquished Creatures (others)
  A shadow (D:11)
  An orc wizard (Orc:1)
  10 fungi
  63 plants
75 creatures vanquished.

Grand Total: 524 creatures vanquished

Notes
Turn   | Place    | Note
-------+----------+-------------------------------------------
     0 | D:1      | freelancePsychic the Meteoran Wanderer began the quest for
                  | the Orb.
     0 | D:1      | freelancePsychic set off with the following items: a +2
                  | quarterstaff, a +0 spear, a +0 ring mail, a potion of haste
                  | {@q3}.
     0 | D:1      | Reached XP level 1. HP: 16/16 MP: 2/2
    89 | D:1      | Found Zazxogae's Armour Shop.
   102 | D:1      | Reached XP level 2. HP: 21/23 MP: 3/3
   305 | D:2      | Reached XP level 3. HP: 26/29 MP: 4/4
   533 | D:2      | Reached skill level 5 in Staves
   533 | D:2      | Reached XP level 4. HP: 17/37 MP: 5/5
   728 | D:1      | Bought a +0 pair of boots for 63 gold pieces
   857 | D:3      | Identified a scroll of acquirement
   857 | D:3      | Acquired the -1 pair of boots of the Thoughtful Mice
                  | {Rampage rF+ Dex+7}
   876 | D:3      | Reached XP level 5. HP: 40/42 MP: 6/6
  1003 | D:3      | Reached skill level 1 in Dodging
  1185 | D:3      | Noticed Sigmund
  1185 | D:3      | Noticed Natasha
  1191 | D:3      | Killed Sigmund
  1192 | D:3      | Reached XP level 6. HP: 51/51 MP: 7/7
  1197 | D:3      | Killed Natasha
  1217 | D:3      | Reached XP level 7. HP: 57/57 MP: 8/8
  1270 | D:3      | Noticed Natasha
  1276 | D:3      | Killed Natasha
  1584 | D:3      | Noticed Natasha
  1597 | D:3      | Killed Natasha
  1775 | D:4      | Found an opulent altar of Gozag.
  1776 | D:4      | Noticed Blork the orc
  1786 | D:4      | Killed Blork the orc
  1787 | D:4      | Reached XP level 8. HP: 60/67 MP: 9/9
  1790 | D:4      | Became a worshipper of Gozag Ym Sagoz the Greedy
  1898 | D:5      | Entered Level 5 of the Dungeon
  2300 | D:6      | Reached skill level 5 in Fighting
  2309 | D:6      | Found a staircase to the Ecumenical Temple.
  2410 | D:6      | Reached skill level 5 in Dodging
  2432 | D:6      | Gained mutation: You passively map the area around you.
                  | [Meteoran growth]
  2432 | D:6      | Reached XP level 9. HP: 74/74 MP: 10/10
  2566 | D:6      | Reached skill level 10 in Staves
  2878 | D:7      | Noticed Maggie
  2879 | D:7      | Noticed Maggie
  2879 | D:7      | Maggie changed into Maggie the water moccasin
  2887 | D:7      | Killed Maggie the water moccasin
  2965 | D:7      | Noticed a two-headed ogre
  2973 | D:7      | HP: 1/78 [two-headed ogre/+0 great mace (14)]
  3222 | D:8      | Noticed Grum
  3368 | D:8      | Noticed a hornet
  3380 | D:8      | Paralysed by a hornet for 1 turns
  3384 | D:8      | Killed a hornet
  3385 | D:8      | Reached XP level 10. HP: 66/84 MP: 11/11
  3544 | D:8      | Found Jynkiomy's Assorted Antiques.
  3683 | D:8      | Noticed a two-headed ogre
  3736 | D:9      | Noticed a gargoyle
  3763 | D:9      | Killed a gargoyle
  4042 | D:9      | Found a runed translucent gate.
  4042 | D:9      | Found a runed translucent gate.
  4042 | D:9      | Found a runed translucent gate.
  4042 | D:9      | Noticed a nine-headed hydra
  4042 | D:9      | Noticed SensoryNuts's ghost (novice DgFi)
  4096 | D:9      | Noticed a two-headed ogre
  4132 | D:9      | Killed a two-headed ogre
  4133 | D:9      | Reached XP level 11. HP: 69/95 MP: 12/12
  4244 | D:9      | Found a staircase to the Lair.
  4355 | D:10     | Entered Level 10 of the Dungeon
  4370 | D:10     | Reached skill level 5 in Evocations
  4609 | D:10     | Noticed a two-headed ogre
  4619 | D:10     | Killed a two-headed ogre
  4620 | D:10     | Reached skill level 5 in Armour
  4815 | D:11     | Noticed Urug
  4831 | D:11     | Killed Urug
  4877 | D:11     | Found a staircase to the Orcish Mines.
  4886 | D:11     | Noticed a six-headed hydra
  4899 | D:11     | Killed a six-headed hydra
  4900 | D:11     | Reached skill level 10 in Fighting
  4929 | D:11     | Noticed a boulder beetle
  4932 | D:11     | Noticed a boulder beetle
  4933 | D:11     | Killed a boulder beetle
  4934 | D:11     | Reached XP level 12. HP: 50/106 MP: 13/13
  4973 | D:11     | Killed a boulder beetle
  5415 | Orc:1    | Entered Level 1 of the Orcish Mines
  5449 | Orc:1    | Noticed an orc warlord
  5582 | Lair:1   | Entered Level 1 of the Lair of Beasts
  5582 | Lair:1   | Noticed a four-headed hydra
  5582 | Lair:1   | Found the +1 robe of Vines {NoPotionHeal Regen++++}
  5588 | Lair:1   | Noticed an eight-headed hydra
  5594 | Lair:1   | Killed a one-headed hydra
  5595 | Lair:1   | Reached skill level 3 in Polearms
  5603 | Lair:1   | Killed a one-headed hydra
  5604 | Lair:1   | Reached skill level 4 in Polearms
  5748 | Lair:1   | Reached skill level 5 in Polearms
  5896 | Lair:1   | Reached skill level 6 in Polearms
  5980 | Lair:1   | Reached XP level 13. HP: 108/116 MP: 14/14
  6002 | Lair:1   | Reached skill level 7 in Polearms
  6123 | Lair:2   | Noticed a death yak
  6146 | Lair:1   | Killed a death yak
  6379 | Lair:2   | Reached skill level 8 in Polearms
  6517 | Lair:2   | Reached skill level 9 in Polearms
  6621 | Lair:3   | Noticed a death yak
  6681 | Lair:3   | Noticed a death yak
  6681 | Lair:3   | Noticed a death yak
  6681 | Lair:3   | Noticed a death yak
  6682 | Lair:3   | Noticed a death yak
  6682 | Lair:3   | Noticed a death yak
  6691 | Lair:3   | Killed a death yak
  6693 | Lair:3   | Killed a death yak
  6694 | Lair:3   | Reached skill level 10 in Polearms
  6698 | Lair:3   | Killed a death yak
  6702 | Lair:3   | Killed a death yak
  6709 | Lair:3   | Killed a death yak
  6715 | Lair:3   | Killed a death yak
  6716 | Lair:3   | Reached skill level 11 in Polearms
  6944 | Lair:3   | Noticed a five-headed hydra
  6953 | Lair:3   | Killed a one-headed hydra
  6982 | Lair:3   | Identified the +7 short sword "Ultimatum" {vorpal, Int+2}
  7065 | Lair:3   | Reached skill level 12 in Polearms
  7145 | Lair:3   | Noticed a six-headed hydra
  7158 | Lair:3   | Killed a two-headed hydra
  7159 | Lair:3   | Reached XP level 14. HP: 73/129 MP: 15/15
  7162 | Lair:3   | Found a staircase to the Swamp.
  7511 | Lair:4   | Reached skill level 13 in Polearms
  7559 | Lair:5   | Entered Level 5 of the Lair of Beasts
  7563 | Lair:5   | Noticed a dire elephant
  7587 | Lair:5   | Killed a dire elephant
  7683 | Lair:4   | Found a staircase to the Slime Pits.
  7998 | Lair:5   | Reached skill level 14 in Polearms
  8258 | Lair:5   | Reached skill level 15 in Polearms
  8268 | Lair:5   | Identified the +6 rapier "Vakkos" {flame, rN+ Will+ Str+3
                  | Dex+3}
  8293 | Lair:5   | Identified the +3 morningstar of a ziggurat {vorpal, Str+4
                  | Int+4 Dex+2}
  8636 | Lair:1   | Reached XP level 15. HP: 107/139 MP: 16/16
  8748 | Lair:1   | Glimpsed the power of Zot.
  8857 | D:11     | Bought the +5 lochaber axe {reach-cleave, poleaxe} for 1394
                  | gold pieces
  8857 | D:11     | Found the +5 lochaber axe {reach-cleave, poleaxe}
  8886 | D:11     | Killed an orc warlord
  9052 | Orc:1    | Found Qije's Antique Armour Shop.
  9061 | Orc:1    | Bought a pair of runed gloves for 172 gold pieces
  9066 | Orc:1    | Bought a steaming chain mail for 218 gold pieces
  9066 | Orc:1    | Identified the +0 chain mail "Xuuvvoir" {rN+ MP+9} (You
                  | bought it in a shop on level 1 of the Orcish Mines)
  9107 | Orc:1    | Found a shimmering blue altar of Sif Muna.
  9147 | Orc:1    | Reached skill level 16 in Polearms
  9171 | Orc:2    | Entered Level 2 of the Orcish Mines
  9196 | Orc:1    | Found a burning altar of Makhleb.
  9196 | Orc:1    | Found Lecw's Book Emporium.
  9196 | Orc:1    | Found Remehiop's General Store.
  9215 | Orc:1    | Found Wyadaweruwi's General Store.
  9233 | Orc:1    | Found Xiraun's Antique Weapon Emporium.
  9315 | Orc:1    | Bought a condenser vane for 680 gold pieces
  9531 | Orc:2    | Reached skill level 15 in Fighting
  9678 | Orc:2    | Reached skill level 17 in Polearms
  9740 | Orc:2    | Found Joik's Distillery.
  9745 | Orc:2    | Found Dikkaock's Antique Weapon Emporium.
  9746 | Orc:2    | Found Luocrirr's Weapon Shop.
  9748 | Orc:2    | Bought a potion of heal wounds for 80 gold pieces
  9768 | Orc:2    | Demolished by an ettin

Illustrated notes

Levels and vault maps discovered:
D:1:      eino_arrival_cavern_c, layout_loops_ring, serial_shops,
          nicolae_shop_waterfront, shapermc_ecumenical_altar_mp_vishouse,
          grunt_decor_junction, hangedman_glass_teeth, roderic_lattice_a
D:2:      layout_rooms, minmay_tree_intersection
D:3:      layout_loops_cross, solitary_fountain, chequers_avenue,
          minmay_misc_feat_nine_boxes, minmay_distorted, uniq_natasha,
          uniq_crazy_yiuf_cottage, uniq_sigmund
D:4:      layout_loops_corners, lemuel_round_altar, uniq_blork_the_orc,
          uniq_duvessa
D:5:      layout_gridville, cheibrodos_gnoll_hut
D:6:      layout_cave_pools, minmay_temple_entry_large_hall
D:7:      layout_loops_corners, uniq_maggie
D:8:      layout_loops_cross, mainiacjoe_overflow_six_doors_small, serial_shops,
          nicolae_shop_trees, nicolae_zen_rock_garden,
          minmay_manual_mandibuliform, uniq_grum
D:9:      layout_cave_pools, david_lair_shrubbed, serial_column_ruins,
          column_ruins_circle_medium, column_ruins_hut_ruined,
          column_ruins_open_small, column_ruins_columns_straight,
          column_ruins_grid_3, column_ruins_columns_corner,
          gammafunk_ghost_hydra_chop, wad_floor_pattern_untrapped
D:10:     layout_rooms, kennysheep_generic_room_12
D:11:     minmay_evil_eye, layout_rooms, orc_0_dummy, dk_noncrumbling_2,
          st_stairs_3, uniq_urug
D:12:     layout_rooms, serial_shops, nicolae_shop_behind_doors
Lair:1:   layout_cave_pods, hellmonk_guarded_unrand_vines
Lair:2:   layout_chaotic_city, ice2_lemuel
Lair:3:   layout_hall_layers, minmay_swamp_entry_reptiles,
          minmay_snake_entry_six_corridors, beast_lair_carwin_3
Lair:4:   layout_big_grid, nicolae_slime_entry_slimehenge, minmay_holes,
          nicolae_lair_run_with_the_wolves, grunt_megastairs_3,
          infiniplex_staircase_pool, lemuel_fruit_tree
Lair:5:   gammafunk_lair_ancient_temple, layout_gridlike, serial_rivers,
          chequers_serial_rivers_room_b, chequers_serial_rivers_micro_e,
          chequers_serial_rivers_micro_a, chequers_serial_rivers_large_b,
          chequers_serial_rivers_room_b, chequers_serial_rivers_room_b,
          basic_altar
Orc:1:    layout_diamond_mine, basic_altar, serial_shops, shop, shop, shop,
          nicolae_shop_behind_doors, nicolae_lakefront_shop,
          kennysheep_orc_sif_temple
Orc:2:    st_orc_open, layout_caves, uniq_saint_roka

Skill      XL: |  1  2  3  4  5  6  7  8  9 10 11 12 13 14 15 |
---------------+----------------------------------------------+-----
Staves         | 4 5 6 7 9 11 13 | 13.8
Fighting       | 2 3 4 5 6 8 10 11 13 14 15 | 15.5
Dodging        | 2 3 5 6 7 |  7.5
Evocations     | 4 7 8 |  8.8
Armour         | 6 7 |  7.7
Polearms       | 6 12 15 17 | 17.4

Action                   |  1- 3 |  4- 6 |  7- 9 | 10-12 | 13-15 || total
-------------------------+-------+-------+-------+-------+-------++-------
Melee: Quarterstaff      |    60 |    62 |   278 |   463 |    30 ||   893
       Halberd           |       |       |       |    47 |   779 ||   826
       Lochaber axe      |       |       |       |       |   190 ||   190
Throw: Boomerang         |       |       |     4 |     3 |       ||     7
Invok: Call Merchant     |       |       |       |     2 |       ||     2
       Potion Petition   |       |       |       |       |     1 ||     1
Evoke: Wand              |       |       |     5 |    28 |     4 ||    37
  Use: Scroll            |     3 |     3 |     9 |     5 |    10 ||    30
       Potion            |       |     1 |     1 |     4 |    11 ||    17
 Stab: Distracted        |       |       |     1 |     3 |    18 ||    22
       Paralysed         |       |       |       |     8 |       ||     8
Armor: Ring mail         |    34 |    33 |    76 |       |       ||   143
       Acid dragon scale |       |       |    15 |    96 |   329 ||   440
Dodge: Dodged            |    30 |    19 |   194 |   326 |   783 ||  1352
Block: Other             |       |       |       |    49 |   205 ||   254
       Reflection        |       |       |       |       |     3 ||     3

Table legend: (Time is in decaauts)
 A = Elapsed time spent in this place.
 B = Non-inter-level travel time spent in this place.
 C = Inter-level travel time spent in this place.
 D = Time resting spent in this place.
 E = Time spent auto-exploring this place.
 F = Levels seen in this place.
 G = Mean time per level.
                   A        B        C        D        E       F      G
               +--------+--------+--------+--------+--------+-----+--------+
         Total |   9440 |   8034 |   1406 |    201 |    264 |  19 |  496.8 |
       Dungeon |   5707 |   4726 |    981 |    193 |     74 |  12 |  475.6 |
          Lair |   2905 |   2503 |    402 |      8 |    190 |   5 |  581.0 |
  Orcish Mines |    827 |    805 |     22 |      0 |      0 |   2 |  413.5 |
               +--------+--------+--------+--------+--------+-----+--------+

Top non-repeatable levels by time:
  Lair:3: 768 daAuts
    D:11: 756 daAuts
     D:7: 711 daAuts
  Lair:2: 607 daAuts
  Lair:1: 567 daAuts
     D:8: 567 daAuts
     D:9: 561 daAuts
  Lair:4: 512 daAuts
     D:3: 500 daAuts
     D:1: 493 daAuts
     D:2: 470 daAuts
    D:10: 464 daAuts
   Orc:2: 454 daAuts
  Lair:5: 449 daAuts
     D:4: 427 daAuts
